 Dungeon Crawl Stone Soup version 0.25-a0-934-g041635d5d1 (webtiles) character file.

Game seed: 15063953348863053841, levelgen mode: deterministic

90663 Azyl the Severer (level 16, -3/149 HPs)
             Began as a Hill Orc Fighter on May 3, 2020.
             Was the Champion of Okawaru.
             Slain by a fire bat (6 damage)
             ... on level 3 of the Abyss on May 4, 2020.
             The game lasted 02:12:49 (27672 turns).

Azyl the Severer (Hill Orc Fighter)                Turns: 27672, Time: 02:12:49

Health: -3/149     AC: 22    Str: 25    XL:     16   Next: 1%
Magic:  7/9        EV:  9    Int: 12    God:    Okawaru [******]
Gold:   1369       SH: 16    Dex: 13    Spells: 26/30 levels left

rFire    . . .     SeeInvis +   i - +7 eveningstar "Onue" {antimagic, rF+ rC- MR+}
rCold    + . .     Gourm    .   C - +2 kite shield {rC+}
rNeg     . . .     Faith    .   U - +0 ice dragon scales
rPois    .         Spirit   .   G - +2 helmet {SInv}
rElec    .         Reflect  +   H - +1 cloak {MR+}
rCorr    +         Harm     .   K - +0 pair of gloves
MR       +++++                  X - +0 pair of boots of Kuban {rC- MR++ rCorr Int+3}
Stlth    ..........             d - +3 amulet of reflection
HPRegen  0.34/turn              o - +3 ring of dexterity
MPRegen  0.11/turn              s - ring of flight

@: about to teleport, studying 2 skills
A: no striking features
a: Heroism, Finesse, Renounce Religion, Evoke Flight


You were on level 3 of the Abyss.
You worshipped Okawaru.
Okawaru was exalted by your worship.
You were not hungry.

You visited 3 branches of the dungeon, and saw 22 of its levels.
You visited the Abyss 1 time.
You also visited: Ossuary, Bailey and Gauntlet.

You collected 1920 gold pieces.
You spent 551 gold pieces at shops.

Inventory:

Hand Weapons
 i - the +7 eveningstar "Onue" (weapon) {antimagic, rF+ rC- MR+}
   (Okawaru gifted it to you on level 13 of the Dungeon)

   It reduces the magical energy of the wielder, and disrupts the spells and
   magical abilities of those hit.
   Natural abilities and divine invocations are not affected.
   It protects you from fire.
   It makes you vulnerable to cold.
   It affects your resistance to hostile enchantments.
 l - a +2 war axe of electrocution
 A - a +1 war axe of electrocution
Missiles
 Y - 12 silver javelins (quivered)
Armour
 C - a +2 kite shield of cold resistance (worn)
 D - a scarf of repulsion
 G - a +2 helmet of see invisible (worn)
 H - a +1 cloak of magic resistance (worn)
 K - a +0 pair of gloves (worn)
 U - +0 ice dragon scales (worn)
 X - the +0 pair of boots of Kuban (worn) {rC- MR++ rCorr Int+3}
   (You found it in a Gauntlet)

   It affects your intelligence (+3).
   It makes you vulnerable to cold.
   It affects your resistance to hostile enchantments.
   It provides partial protection from all sources of acid and corrosion.
Jewellery
 d - a +3 amulet of reflection (around neck)
 o - a +3 ring of dexterity (left hand)
 s - a ring of flight (right hand)
 F - the ring "Nuyfegro" {+Inv MR+ Dex+4}
   (You took it off a minotaur in a Gauntlet)

   [ring of dexterity]

   It affects your dexterity (+4).
   It affects your resistance to hostile enchantments.
   It lets you turn invisible.
 L - an uncursed ring of positive energy
Wands
 a - a wand of flame (42)
 B - a wand of clouds (13)
 E - a wand of iceblast (8)
 J - a wand of disintegration (10)
 Q - a wand of paralysis (15)
 S - a wand of acid (6)
Scrolls
 c - 5 scrolls of blinking
 e - 3 scrolls of fog
 m - 2 scrolls of enchant armour
 p - 6 scrolls of teleportation
 r - 5 scrolls of remove curse
 x - 5 scrolls of amnesia
 N - 2 scrolls of identify
Potions
 b - 2 potions of might
 g - 3 potions of haste
 h - 2 potions of cancellation
 j - 5 potions of magic
 k - 10 potions of curing
 n - a potion of invisibility
 q - a potion of heal wounds
 u - 5 potions of mutation
 v - 10 potions of flight
 w - 2 potions of brilliance {unknown}
 z - 3 potions of lignification
 I - a potion of stabbing {unknown}
 M - a potion of resistance
Books
 t - a manual of Axes
 y - a manual of Armour
Comestibles
 f - 33 rations


   Skills:
 + Level 15.5 Fighting
 - Level 18.9(19.0) Axes
 - Level 2.0(11.2) Maces & Flails
 - Level 11.3 Armour
 - Level 0.9 Dodging
 - Level 8.0 Shields
 * Level 7.9 Spellcasting
 * Level 3.1 Hexes
 - Level 8.0 Translocations
 + Level 2.6 Invocations
 - Level 5.0 Evocations


You had 26 spell levels left.
You knew the following spells:

 Your Spells              Type           Power        Failure   Level  Hunger
a - Slow                  Hex            ##......     34%         2    #......
b - Blink                 Tloc           N/A          4%          2    #......

Your spell library contained the following spells:

 Spells                   Type           Power        Failure   Level  Hunger
 Apportation              Tloc           ###...       3%          1    None
 Corona                   Hex            ##.....      24%         1    None
 Animate Skeleton         Necr           N/A          65%         1    None
 Magic Dart               Conj           #...         65%         1    None
 Summon Small Mammal      Summ           #...         65%         1    None
 Call Imp                 Summ           #.......     78%         2    #......
 Cause Fear               Hex            ##........   93%         4    ####...
 Conjure Flame            Conj/Fire      #.......     95%         3    ##.....
 Mephitic Cloud           Conj/Pois/Air  #.......     95%         3    ##.....
 Static Discharge         Conj/Air       #.......     95%         3    ##.....
 Lightning Bolt           Conj/Air       #.........   100%        5    ######.
 Silence                  Hex/Air        #.........   100%        5    ######.
 Yara's Violent Unravell  Hex/Tmut       #.........   100%        5    ######.
 Discord                  Hex            ##........   100%        8    #######
 Ignition                 Fire           #.........   100%        8    #######
 Shatter                  Erth           #.........   100%        9    #######
 Tornado                  Air            #.........   100%        9    #######


Dungeon Overview and Level Annotations

Branches:
Dungeon (15/15)            Temple (1/1) D:7            Lair (6/6) D:11
  Swamp (0/4) Lair:3       Spider (0/4) Lair:4        Slime (0/5) Lair:6
    Orc (0/2) D:9          Vaults (0/5) D:13         Depths (0/5) D:15
Ossuary (visited)          Bailey (visited)         Gauntlet (visited)

Altars:
Ashenzari
Cheibriados
Dithmenos
Elyvilon
Fedhas
Gozag
Hepliaklqana
Kikubaaqudgha
Makhleb
Nemelex Xobeh
Okawaru
Qazlal
Ru
Sif Muna
Trog
Uskayaw
Vehumet
Wu Jian
Xom
Yredelemnul
Zin
The Shining One

Shops:
D:9 [


Message History

* * * LOW HITPOINT WARNING * * *
Found a wand of disintegration (17). 2 fire bats come into view.
You block the fire bat's attack.
You block the thrashing horror's attack.
The thrashing horror tramples you but does no damage.
You block the thrashing horror's attack.
The thrashing horror closely misses you.
Found a hand axe.
You block the fire bat's attack. x2; The fire bat closely misses you.
Casting: Blink (safe; 4% risk of failure)
Confirm with . or Enter, or press ? or * to list all spells.
You blink.
The fire bat bites you but does no damage. x2
The fire bat barely misses you.
The fire bat bites you but does no damage.
The fire bat bites you.
* * * LOW HITPOINT WARNING * * *
You are engulfed in flames.
You die...

............... .#.#
.... . . .........#
#../.\\....# .. .
.........# .X.##.\.
..# .. ....z....#
#...##.#. . . ...
.5........Λ #│ Z#..#
.h.....5
.5..X.──XX.##
######x###########.##
# # .#.X..##.#.
##.§.#b@.(.#. ##§ .#
#.)...b#.#...#.## #
#.......#.(#.###.# .
#..#.../##### # †# ##
# #..#.##... . #.
#5#. .# .....
.#..##### # .55 ##
.....#....##.. ..
3... . .#. .#...#..
.# #5.# # . # # . . .
#


You could see a thrashing horror and 2 fire bats.

Vanquished Creatures
  3 very ugly things (Abyss:3)
  A minotaur (Gauntlet)
  2 death oozes (Gauntlet)
  The ghost of Quroheng the Grappler, a journeyman VSWn of Ashenzari (Lair:5)
  Erolcha (D:13)
  The ghost of ra1n577 the Carver, a journeyman MiBe of Trog (Lair:1)
  An ice dragon (Lair:5)
  4 vault guards (D:13)
  6 hydras
  5 catoblepae
  2 centaur warriors (D:13)
  4 two-headed ogres
  16 death yaks
  Erica (D:9)
  A dancing weapon (Lair:1)
  2 thrashing horrors (Abyss:3)
  A tengu warrior (D:13)
  A vampire mage (D:15)
  A titan skeleton (D:15)
  A storm dragon skeleton (D:15)
  6 skeletal warriors (D:15)
  A wizard (D:13)
  A large abomination (Abyss:3)
  A lindwurm (Lair:3)
  3 orc knights (Bailey)
  2 wolf spider zombies (D:15)
  2 deep elf magi (D:15)
  2 necromancers
  8 ugly things
  A cyclops (D:12)
  3 manticores
  2 black mambas
  A rust devil (Abyss:3)
  2 gargoyles
  8 spiny frogs
  A molten gargoyle (Gauntlet)
  A smoke demon (Abyss:3)
  A torpor snail (Lair:3)
  Maggie (Lair:1)
  2 rime drakes
  10 komodo dragons
  A kobold demonologist (D:13)
  4 hellwings (Abyss:3)
  3 trolls
  A jumping spider (Lair:4)
  3 polar bears (Lair:6)
  2 slime creatures (Gauntlet)
  14 blink frogs
  A spriggan zombie (D:15)
  9 hippogriffs
  An ettin zombie (D:15)
  A bog body (Lair:3)
  A centaur simulacrum (Gauntlet)
  A vampire (D:13)
  2 shadows
  56 yaks
  3 wyverns
  4 hungry ghosts
  A chaos spawn (Abyss:3)
  2 swamp worms (Lair:3)
  A small abomination (Abyss:3)
  13 porcupines
  A hornet zombie (D:14)
  13 orc warriors
  4 ice beasts
  4 sky beasts
  9 water moccasins
  A black bear (D:13)
  5 ogres
  2 eyes of draining
  2 phantoms
  10 centaurs
  15 wolves
  A snapping turtle skeleton (Abyss:3)
  6 crocodiles
  A big kobold (D:13)
  23 bullfrogs
  2 wyvern skeletons
  5 scorpions
  A water moccasin skeleton (D:6)
  9 killer bees (D:11)
  4 howler monkeys
  2 vampire bats (Lair:6)
  2 electric eels
  4 centaur zombies
  2 crimson imps
  3 starcursed masses (Abyss:3)
  A wyvern simulacrum (Gauntlet)
  3 bullfrog zombies
  17 jellies
  3 quasits
  6 hounds
  A human zombie (Ossuary)
  10 orc priests
  18 orc wizards
  A bullfrog skeleton (D:12)
  2 centaur skeletons
  6 iguanas
  11 worker ants
  A killer bee zombie (D:5)
  2 bullfrog simulacra (Gauntlet)
  4 hound zombies
  2 hound skeletons
  4 mummies
  10 adders
  9 gnolls
  7 shadow imps
  An ufetubus (Abyss:3)
  An ooze (D:1)
  3 adder zombies (Ossuary)
  6 worms
  2 dart slugs
  4 leopard geckos
  66 orcs
  10 giant cockroaches
  2 gnoll zombies (Ossuary)
  8 goblins
  3 hobgoblins
  7 jackals
  2 quokkas
  4 ball pythons
  A ball python skeleton (D:5)
  17 bats
  7 frilled lizards
  6 goblin zombies
  3 hobgoblin zombies (Ossuary)
  6 jackal zombies (Ossuary)
  22 kobolds
  6 kobold zombies
  2 quokka skeletons (D:6)
  2 quokka zombies (Ossuary)
  3 rats
  A rat zombie (Ossuary)
  A bush (Lair:2)
  9 fungi
  2 plants
  A withered plant (D:15)
695 creatures vanquished.

Vanquished Creatures (others)
  2 centaur warriors
  A centaur (D:13)
  2 orcs (D:13)
  5 kobolds (Bailey)
  21 bushes (Lair:2)
  14 fungi
  8 plants
  4 starspawn tentacles (Abyss:3)
57 creatures vanquished.

Grand Total: 752 creatures vanquished

Notes
Turn   | Place    | Note
-------+----------+-------------------------------------------
     0 | D:1      | Azyl the Hill Orc Fighter began the quest for the Orb.
     0 | D:1      | Reached XP level 1. HP: 19/19 MP: 1/1
    67 | D:1      | Reached skill level 3 in Axes
   175 | D:1      | Reached XP level 2. HP: 26/26 MP: 2/2
   222 | D:1      | Reached skill level 4 in Axes
   411 | D:1      | Reached XP level 3. HP: 30/31 MP: 3/3
   820 | D:2      | Reached skill level 5 in Axes
   828 | D:2      | Reached XP level 4. HP: 30/39 MP: 4/4
  1677 | D:3      | Reached skill level 6 in Axes
  1855 | D:3      | Reached XP level 5. HP: 45/45 MP: 5/5
  1949 | D:3      | Reached skill level 7 in Axes
  2411 | D:3      | Reached XP level 6. HP: 51/51 MP: 6/6
  2895 | D:4      | Reached skill level 8 in Axes
  3369 | D:4      | Reached skill level 9 in Axes
  3515 | D:4      | Found a shimmering altar of Xom.
  3534 | D:4      | Found an ornate altar of the Wu Jian Council.
  3605 | D:5      | Entered Level 5 of the Dungeon
  3636 | D:5      | Noticed a sky beast
  3646 | D:5      | Killed a sky beast
  3646 | D:5      | Reached XP level 7. HP: 40/57 MP: 7/7
  3804 | D:5      | Found a shadowy altar of Dithmenos.
  3868 | D:5      | Reached skill level 10 in Axes
  3877 | D:5      | Found an opulent altar of Gozag.
  4527 | D:5      | Reached skill level 11 in Axes
  4699 | D:6      | Reached XP level 8. HP: 60/64 MP: 8/8
  4908 | D:6      | Reached skill level 12 in Axes
  5726 | D:6      | Upgraded the game from 0.25-a0-927-g39f137c8b7 to
                  | 0.25-a0-934-g041635d5d1
  5847 | D:7      | Noticed a hippogriff
  5860 | D:7      | Killed a hippogriff
  5860 | D:7      | Reached skill level 13 in Axes
  5860 | D:7      | Reached XP level 9. HP: 65/72 MP: 9/9
  5875 | D:7      | Found a sand-covered staircase.
  5883 | Ossuary  | Entered an ossuary
  6341 | D:7      | Reached skill level 5 in Fighting
  6359 | D:7      | Reached skill level 14 in Axes
  6529 | D:7      | Found a staircase to the Ecumenical Temple.
  6599 | Temple   | Entered the Ecumenical Temple
  6680 | Temple   | Became a worshipper of Warmaster Okawaru
  7343 | D:8      | Reached skill level 15 in Axes
  7376 | D:8      | Reached * piety under Okawaru
  7376 | D:8      | Reached skill level 5 in Armour
  7804 | D:9      | Found a staircase to the Orcish Mines.
  7805 | D:9      | Found Woathrad's Armour Shoppe.
  7817 | D:9      | Reached XP level 10. HP: 79/83 MP: 10/10
  7874 | D:9      | Bought a +0 pair of boots for 76 gold pieces
  7874 | D:9      | Bought a +1 helmet of see invisible for 280 gold pieces
  7874 | D:9      | Bought a +0 cloak of magic resistance for 195 gold pieces
  7937 | D:9      | Noticed Erica
  7949 | D:9      | Killed Erica
  7949 | D:9      | Reached ** piety under Okawaru
  7949 | D:9      | Reached skill level 16 in Axes
  8812 | D:9      | Found a shimmering blue altar of Sif Muna.
  8938 | D:10     | Entered Level 10 of the Dungeon
  9376 | D:10     | Reached *** piety under Okawaru
  9633 | D:10     | Noticed a gargoyle
  9645 | D:10     | Killed a gargoyle
  9645 | D:10     | Reached skill level 17 in Axes
  9780 | D:11     | Noticed a green ugly thing
  9781 | D:11     | Found a flagged portal.
  9794 | D:11     | Killed a green ugly thing
  9794 | D:11     | Reached **** piety under Okawaru
  9794 | D:11     | Reached XP level 11. HP: 89/92 MP: 11/11
  9876 | Bailey   | Entered a bailey
  9887 | Bailey   | Noticed an orc knight
  9888 | Bailey   | Noticed an orc knight
  9920 | Bailey   | Killed an orc knight
  9936 | Bailey   | Killed an orc knight
  9936 | Bailey   | Reached skill level 18 in Axes
 10213 | Bailey   | Noticed an orc knight
 10225 | Bailey   | Killed an orc knight
 10620 | D:11     | Noticed a green ugly thing
 10635 | D:11     | Killed a green ugly thing
 10635 | D:11     | Reached ***** piety under Okawaru
 10874 | D:11     | Found a staircase to the Lair.
 11101 | D:11     | Reached skill level 1 in Evocations
 11226 | D:11     | Reached skill level 5 in Shields
 11576 | Lair:1   | Entered Level 1 of the Lair of Beasts
 11584 | Lair:1   | Found a runed translucent door.
 11586 | Lair:1   | Found a shimmering altar of Xom.
 11586 | Lair:1   | Noticed ra1n577's ghost (journeyman MiBe)
 11586 | Lair:1   | Noticed a +2 morningstar of chaos
 11634 | Lair:1   | Received a gift from Okawaru
 11645 | Lair:1   | Got a polished ring mail {god gift}
 11656 | Lair:1   | Identified the +1 ring mail of the Wumpus {Dex+2} (Okawaru
                  | gifted it to you on level 1 of the Lair of Beasts)
 11675 | Lair:1   | Reached skill level 10 in Fighting
 11691 | Lair:1   | Reached XP level 12. HP: 90/106 MP: 13/13
 12312 | Lair:1   | Noticed Maggie
 12329 | Lair:1   | Killed Maggie
 12673 | Lair:1   | Killed ra1n577's ghost
 13392 | Lair:2   | Noticed a death yak
 13393 | Lair:2   | Noticed a death yak
 13395 | Lair:2   | Noticed a death yak
 13414 | Lair:2   | Killed a death yak
 13424 | Lair:2   | Killed a death yak
 13426 | Lair:2   | Killed a death yak
 13618 | Lair:2   | Found an ancient bone altar of Kikubaaqudgha.
 13627 | Lair:2   | Noticed a five-headed hydra
 13646 | Lair:2   | Killed a five-headed hydra
 13646 | Lair:2   | Reached ****** piety under Okawaru
 13937 | Lair:2   | Reached skill level 1 in Maces & Flails
 14194 | Lair:2   | Noticed a seven-headed hydra
 14211 | Lair:2   | Killed a seven-headed hydra
 14211 | Lair:2   | Reached XP level 13. HP: 63/118 MP: 16/16
 14724 | Lair:3   | Reached skill level 5 in Evocations
 14862 | Lair:3   | Learned a level 2 spell: Slow
 14865 | Lair:3   | Learned a level 2 spell: Blink
 14887 | Lair:3   | Reached skill level 1 in Spellcasting
 15142 | Lair:3   | Found a staircase to the Swamp.
 15316 | Lair:3   | Reached skill level 1 in Translocations
 15322 | Lair:3   | Received a gift from Okawaru
 15323 | Lair:3   | Got a heavily runed hat {god gift}
 15627 | Lair:3   | Identified the +0 hat of the Northern Lights {rElec rN++
                  | rCorr MP-9} (Okawaru gifted it to you on level 3 of the
                  | Lair of Beasts)
 17108 | Lair:4   | Found a hole to the Spider Nest.
 17895 | Lair:5   | You fall into a shaft and drop 1 floor!
 17895 | Lair:6   | Entered Level 6 of the Lair of Beasts
 18108 | Lair:5   | Noticed Quroheng's ghost (journeyman VSWn)
 18111 | Lair:5   | Found a transporter.
 18123 | Lair:5   | Found a transporter.
 18148 | Lair:5   | Reached skill level 10 in Armour
 18717 | Lair:5   | Noticed an ice dragon
 18745 | Lair:5   | Killed an ice dragon
 18745 | Lair:5   | Received a gift from Okawaru
 18746 | Lair:5   | Got an ancient buckler {god gift}
 18943 | Lair:5   | Identified the +3 buckler of Dishonour {rN++ Regen+ Int-2}
                  | (Okawaru gifted it to you on level 5 of the Lair of Beasts)
 19186 | Lair:5   | Killed Quroheng's ghost
 19186 | Lair:5   | Reached XP level 14. HP: 101/129 MP: 18/18
 19519 | Lair:6   | Found a staircase to the Slime Pits.
 20189 | Lair:6   | Reached skill level 1 in Invocations
 20851 | Lair:6   | Received a gift from Okawaru
 20858 | Lair:6   | Got a bloodstained cloak {god gift}
 20870 | Lair:6   | Identified the +0 cloak of the Imp {+Fly rElec rF- Stlth+}
                  | (Okawaru gifted it to you on level 6 of the Lair of Beasts)
 21518 | D:12     | Reached skill level 5 in Translocations
 21546 | D:12     | Found a gate leading to a gauntlet.
 21554 | Gauntlet | Entered a Gauntlet
 21554 | Gauntlet | Found a transporter.
 21562 | Gauntlet | Found a transporter.
 21565 | Gauntlet | Found a transporter.
 21566 | Gauntlet | Found a transporter.
 21574 | Gauntlet | Found a transporter.
 21577 | Gauntlet | Found a transporter.
 21578 | Gauntlet | Found a transporter.
 21586 | Gauntlet | Found a transporter.
 21589 | Gauntlet | Found a transporter.
 21590 | Gauntlet | Found a transporter.
 21596 | Gauntlet | Found a runed translucent gate.
 21596 | Gauntlet | Found a runed translucent gate.
 21596 | Gauntlet | Found a runed translucent gate.
 21598 | Gauntlet | Found a transporter.
 21601 | Gauntlet | Found a transporter.
 21602 | Gauntlet | Found a transporter.
 21610 | Gauntlet | Found a transporter.
 21820 | Gauntlet | Reached skill level 5 in Spellcasting
 22312 | Gauntlet | Got a pair of twisted boots
 22392 | Gauntlet | Identified the cursed +0 pair of boots of Kuban {rC- MR++
                  | rCorr Int+3} (You found it in a Gauntlet)
 22417 | Gauntlet | Identified the ring "Nuyfegro" {+Inv MR+ Dex+4}
 22705 | Gauntlet | Got an obsidian-encrusted ring mail
 22718 | Gauntlet | Identified the +1 ring mail of Moihasuu {rC+ Str+6 Dex-3
                  | Slay+2} (You found it in a Gauntlet)
 23737 | D:13     | Reached XP level 15. HP: 138/138 MP: 24/24
 23868 | D:13     | Noticed Erolcha
 23893 | D:13     | Killed Erolcha
 24376 | D:13     | Found a gate to the Vaults.
 24471 | D:13     | Received a gift from Okawaru
 24480 | D:13     | Got a crude eveningstar {god gift}
 24481 | D:13     | Identified the +7 eveningstar "Onue" {antimagic, rF+ rC-
                  | MR+} (Okawaru gifted it to you on level 13 of the Dungeon)
 25114 | D:13     | Found a stormy altar of Qazlal.
 26401 | D:15     | Entered Level 15 of the Dungeon
 26408 | D:15     | Received a gift from Okawaru
 26594 | D:15     | Reached skill level 1 in Hexes
 26600 | D:15     | Found a staircase to the Depths.
 27419 | D:15     | Cast into level 3 of the Abyss (tengu warrior)
 27543 | Abyss:3  | Received a gift from Okawaru
 27557 | Abyss:3  | Reached skill level 15 in Fighting
 27638 | Abyss:3  | Noticed a tentacled starspawn
 27643 | Abyss:3  | Reached XP level 16. HP: 27/149 MP: 9/27
 27654 | Abyss:3  | Noticed a tentacled starspawn
 27665 | Abyss:3  | HP: 7/149 [thrashing horror (4)]
 27667 | Abyss:3  | HP: 2/149 [starcursed mass/accursed screaming (5)]
 27672 | Abyss:3  | HP: 3/149 [fire bat (1)]
 27672 | Abyss:3  | Slain by a fire bat

Levels and vault maps discovered:
D:1:      minmay_arrival_stair_chambers, layout_rooms, serial_park_tiny_2
D:2:      layout_loops_ring, hex_tiny
D:3:      layout_loops_ring
D:4:      layout_rooms, gammafunk_temple_overflow_pools
D:5:      layout_basic, nicolae_dithmenos_through_a_glass_darkly, first_ration,
          nicolae_gozag_cash_rules_everything_around_me
D:6:      layout_loops_ring, kennysheep_decorative_pillar,
          minmay_tree_intersection
D:7:      layout_rooms, minmay_temple_entry_tees, nicolae_ossuary_entry_giza
D:8:      layout_rooms
D:9:      layout_stronghold, tgw_sif, orc_david_3, grunt_ogre_cave,
          nicolae_lava_and_water, uniq_erica
D:10:     layout_roguey
D:11:     layout_layer_cave, grunt_lair_entry_orc_guard_hut, enter_bailey_2
D:12:     layout_irregular_city, gauntlet_entry_generic
D:13:     layout_basic, lightli_vaults_fourway_checkpoint, minivault_4,
          minmay_misc_feat_roman, nicolae_qazlal_eye_of_the_storm, uniq_erolcha
D:14:     layout_roguey, hangedman_abyss_or_decor_stabs
D:15:     gammafunk_depths_entry_grave, layout_stronghold,
          minmay_misc_feat_alley, dk_noncrumbling_3, uniq_kirke
Temple:   dpeg_five_rooms_temple
Lair:1:   layout_loops_ring, ebering_ghost_xom, uniq_maggie
Lair:2:   layout_misc_corridors, basic_altar, minmay_hedge_maze
Lair:3:   layout_loops_ring, nicolae_swamp_entry_splash_gauntlet,
          beast_lair_carwin_11
Lair:4:   layout_cave_shapes, spider_nest_entry_rubble,
          infiniplex_staircase_pool_2, lemuel_fruit_tree
Lair:5:   dragon1_lemuel, layout_big_grid, gammafunk_ghost_arena
Lair:6:   evilmike_catoblepas_cave, layout_hall_layers,
          minmay_slime_entry_jelly_boxes, roderic_batcave,
          cheibrodos_lair_lostbears
Abyss:3:  base: D:5, base: D:9, dshaligram_kb_abyss_rune_zappy_water_cross,
          evilmike_abyss_exit_glass

Skill      XL: |  1  2  3  4  5  6  7  8  9 10 11 12 13 14 15 |
---------------+----------------------------------------------+-----
Axes           | 3 4 5 6 7 9 11 13 15 17 18 | 18.9
Fighting       | 4 6 7 10 12 13 14 15 | 15.5
Armour         | 4 5 6 7 8 10 11 | 11.3
Shields        | 5 7 8 |  8.0
Evocations     | 2 4 5 |  5.0
Maces & Flails | 1 2 |  2.0
Spellcasting   | 3 6 7 |  7.9
Translocations | 3 6 8 |  8.0
Invocations    | 2 |  2.6
Hexes          | 3 |  3.1
Dodging        | |  0.9

Action                   |  1- 3 |  4- 6 |  7- 9 | 10-12 | 13-15 | 16-18 || total
-------------------------+-------+-------+-------+-------+-------+-------++-------
Melee: War axe           |    95 |   275 |   156 |       |  1167 |       ||  1693
       Broad axe         |       |       |   202 |   562 |    11 |       ||   775
       Flail             |       |       |       |    25 |    30 |       ||    55
       Eveningstar       |       |       |       |       |    82 |     8 ||    90
 Cast: Blink             |       |       |       |       |     1 |     1 ||     2
Invok: Heroism           |       |       |       |       |     1 |       ||     1
  Use: Scroll            |       |     8 |     7 |     8 |    12 |     1 ||    36
       Potion            |       |       |     2 |     6 |    10 |     1 ||    19
 Stab: Petrifying        |       |       |       |       |     1 |       ||     1
  Eat: Chunk             |       |     9 |    11 |    10 |    16 |       ||    46
       Ration            |       |       |     1 |     3 |    10 |       ||    14
Armor: Scale mail        |    41 |   113 |    19 |       |       |       ||   173
       Chain mail        |       |       |   103 |    10 |       |       ||   113
       Plate armour      |       |       |       |   217 |   127 |       ||   344
       Ice dragon scales |       |       |       |       |   303 |    21 ||   324
Dodge: Dodged            |    23 |    67 |    72 |    72 |   232 |    20 ||   486
Block: Kite shield       |    68 |   112 |   156 |   373 |   816 |    34 ||  1559
       Reflection        |       |       |     2 |    40 |    29 |       ||    71

Table legend:
 A = Non-vault XP
 B = Vault XP
 C = Vault XP percentage of total XP
 D = Non-vault monster count
 E = Vault monster count
 F = Vault count percentage of total count
                 A         B        C        D         E       F
            +---------+---------+-------+---------+---------+-------
      Total |   83036 |   46483 |  35.9 |     502 |     188 |  27.2
            +---------+---------+-------+---------+---------+-------
        D:1 |      42 |       0 |   0.0 |      22 |       0 |   0.0
        D:2 |      89 |       0 |   0.0 |      23 |       0 |   0.0
        D:3 |     216 |       0 |   0.0 |      29 |       0 |   0.0
        D:4 |     217 |       0 |   0.0 |      20 |       0 |   0.0
        D:5 |     563 |       0 |   0.0 |      19 |       0 |   0.0
        D:6 |     754 |       0 |   0.0 |      29 |       0 |   0.0
        D:7 |    1184 |      20 |   1.7 |      15 |       3 |  16.7
        D:8 |     983 |       0 |   0.0 |      23 |       0 |   0.0
        D:9 |     950 |    1211 |  56.0 |      17 |      10 |  37.0
       D:10 |    1450 |       0 |   0.0 |      12 |       0 |   0.0
       D:11 |    6016 |     584 |   8.8 |      50 |       5 |   9.1
       D:12 |    2934 |       0 |   0.0 |      28 |       0 |   0.0
       D:13 |    7717 |    7830 |  50.4 |      40 |      13 |  24.5
       D:14 |    8750 |       0 |   0.0 |      27 |       0 |   0.0
       D:15 |    6213 |    5019 |  44.7 |      10 |       8 |  44.4
     Lair:1 |    3276 |    2266 |  40.9 |      18 |       3 |  14.3
     Lair:2 |   10117 |       0 |   0.0 |      29 |       0 |   0.0
     Lair:3 |    6274 |    1423 |  18.5 |      25 |       7 |  21.9
     Lair:4 |    3505 |     318 |   8.3 |      13 |       1 |   7.1
     Lair:5 |    8103 |    3796 |  31.9 |      19 |       6 |  24.0
     Lair:6 |    3686 |   13799 |  78.9 |      12 |      49 |  80.3
    Abyss:3 |    9997 |       0 |   0.0 |      22 |       0 |   0.0
    Ossuary |       0 |     344 | 100.0 |       0 |      37 | 100.0
     Bailey |       0 |    2679 | 100.0 |       0 |      27 | 100.0
   Gauntlet |       0 |    7194 | 100.0 |       0 |      19 | 100.0
            +---------+---------+-------+---------+---------+-------
